[Event "Titled Tuesday Blitz July 05 Late 2022"]
[White "Vrbljanac, Aleksandar"]
[Black "Souleidis, Georgios"]
[WhiteFideId "932817"]
[BlackFideId "4206827"]
[WhiteElo "2309"]
[BlackElo "2401"]
[Result "1/2-1/2"]
[Round "03"]
[TimeControl "180+1"]
[Date "2022.07.06"]
[WhiteClock "0:00:09"]
[BlackClock "0:00:07"]

1. e4 c6 2. Nf3 d5 3. Nc3 dxe4 4. Nxe4 Nf6 5. Qe2 Nxe4 6. Qxe4 Nd7 7. Bc4 Nf6 8. Ne5 e6 9. Qe2 b6 10. Nxc6 Qc7 11. Ne5 Bd6 12. Bb5+ Kf8 13. d4 Bb7 14. O-O h6 15. Bf4 g5 16. Bg3 Ne4 17. Bd3 Nxg3 18. hxg3 Bxe5 19. dxe5 Qc6 20. f3 Rc8 21. Qe3 Qc5 22. Qxc5+ Rxc5 23. Rfe1 Ke7 24. Kf2 a5 25. f4 gxf4 26. gxf4 Rg8 27. g3 a4 28. b3 a3 29. c4 Rcc8 30. Rad1 Rcd8 31. Bc2 Bc6 32. Rxd8 Rxd8 33. Ke3 f6 34. Rd1 Rg8 35. exf6+ Kxf6 36. Kf2 Ke7 37. b4 h5 38. Bb3 h4 39. Rg1 h3 40. b5 Bb7 41. c5 bxc5 42. Re1 Rg6 43. f5 Rh6 44. Bxe6 Kf8 45. Bd7 h2 46. Bc6 Bxc6 47. bxc6 h1=Q 48. Rxh1 Rxc6 49. Ke3 Rb6 50. Rc1 Rb5 51. Kd3 Rb2 52. Rxc5 Rxa2 53. Ra5 Rg2 54. Ke4 Rxg3 55. Ke5 Re3+ 56. Kf6 Ke8 57. Ra8+ Kd7 58. Ra7+ Kc6 59. Kf7 Kb6 60. Ra8 Kb7 61. Ra4 Kc7 62. f6 Kb6 63. Kf8 Kb5 64. Ra8 Kb4 65. f7 Rf3 66. Kg7 Rg3+ 67. Kf6 Rf3+ 68. Ke7 Kb3 69. Rb8+ Kc2 70. Rb6 Rxf7+ 71. Kxf7 a2 72. Rc6+ Kb2 73. Ra6 a1=Q 74. Rxa1 Kxa1 1/2-1/2


[Site "https://www.chess.com"]

[Event "Titled Tuesday Blitz July 05 Late 2022"]
[White "Wartiovaara, Oliver"]
[Black "Kozin, Yuri"]
[WhiteFideId "513024"]
[BlackFideId "4129920"]
[WhiteElo "1971"]
[BlackElo "2551"]
[Result "1/2-1/2"]
[Round "03"]
[TimeControl "180+1"]
[Date "2022.07.06"]
[WhiteClock "0:00:09"]
[BlackClock "0:00:15"]

1. e4 c5 2. Nf3 e6 3. d4 cxd4 4. Nxd4 a6 5. g3 Qc7 6. Bg2 Nf6 7. O-O Be7 8. Nc3 d6 9. a4 Bd7 10. Be3 Nc6 11. Nxc6 Bxc6 12. f4 O-O 13. f5 b5 14. b4 Qb7 15. axb5 axb5 16. Rxa8 Qxa8 17. fxe6 fxe6 18. Bh3 Bd7 19. e5 Ne8 20. Rxf8+ Bxf8 21. Bg2 Bc6 22. exd6 Bxd6 23. Qe2 Bxb4 24. Nxb5 Bxg2 25. Qxg2 Qa1+ 26. Qf1 Qe5 27. Qd3 Nf6 28. c3 Bc5 29. Bxc5 Qxc5+ 30. Nd4 e5 31. Qb5 Qa7 32. Qxe5 Qa1+ 33. Kg2 Qxc3 34. Qe6+ Kh8 35. Nf5 Qd2+ 36. Kg1 Qd8 37. Kg2 g6 38. Ne7 Kg7 39. Nc6 Qd2+ 40. Kf3 Qc3+ 41. Kg2 h5 42. Qe7+ Kh6 43. Ne5 Qc2+ 44. Kf3 Qf5+ 45. Kg2 Qe4+ 46. Kf2 Ng4+ 47. Nxg4+ Qxg4 48. Qe3+ Qg5 49. Qf3 Qe5 50. Qe3+ Qxe3+ 51. Kxe3 Kg5 52. Kf3 Kf5 53. h3 g5 54. g4+ hxg4+ 55. hxg4+ Ke5 56. Ke3 Kd5 57. Kd3 Ke5 58. Ke3 Kd5 59. Kd3 Ke5 60. Ke3 1/2-1/2


[Site "https://www.chess.com"]

[Event "Titled Tuesday Blitz July 05 Late 2022"]
[White "Yuan, Qingyu"]
[Black "Svane, Rasmus"]
[WhiteFideId "8609772"]
[BlackFideId "4657101"]
[WhiteElo "2359"]
[BlackElo "2674"]
[Result "1/2-1/2"]
[Round "03"]
[TimeControl "180+1"]
[Date "2022.07.05"]
[WhiteClock "0:00:04"]
[BlackClock "0:00:07"]

1. e4 c6 2. Nf3 d5 3. Nc3 dxe4 4. Nxe4 Nf6 5. Qe2 Nxe4 6. Qxe4 Qa5 7. b4 Qd5 8. Qe3 Bf5 9. c4 Qe4 10. Be2 e6 11. Qb3 Qc2 12. Bb2 Qxb3 13. axb3 Bxb4 14. Bxg7 Rg8 15. Be5 Rxg2 16. Bg3 Nd7 17. Nh4 Rxg3 18. hxg3 Bc2 19. Bd1 Bd3 20. Be2 Bc2 21. Bd1 Be4 22. f3 Bd3 23. Be2 Bc2 24. Bd1 Bxd1 25. Kxd1 Nc5 26. Kc2 O-O-O 27. Rad1 Rd3 28. Rhe1 Rxb3 29. Rb1 Rxb1 30. Rxb1 a5 31. d4 Nd7 32. f4 Nf6 33. Kd3 Nh5 34. Rg1 b5 35. Nf3 f6 36. cxb5 cxb5 37. Ke3 Bd6 38. Nd2 a4 39. Ne4 Be7 40. Rh1 Ng7 41. Rxh7 Nf5+ 42. Kd3 a3 43. g4 a2 44. Rh1 Nd6 45. Ra1 f5 46. gxf5 exf5 47. Nxd6+ Bxd6 48. Rxa2 Bxf4 49. Rf2 Bd6 50. Rxf5 b4 51. Kc4 Kd7 52. Rb5 Kc6 53. Ra5 Kb6 54. Rh5 Kc6 55. Rh6 Kd7 56. Kd5 Be7 57. Rh3 Bd6 58. Rf3 Be7 59. Kc4 Kc6 60. Rf5 Bd6 61. d5+ Kb6 62. Rf6 Kc7 63. Rg6 Kd7 64. Rh6 Kc7 65. Rh3 Kd7 66. Kb5 Be7 67. Rh7 Kd6 68. Rh5 b3 69. Kc4 b2 70. Rh1 Bf6 71. Rf1 Be5 72. Rb1 Bf6 73. Rxb2 Bxb2 74. Kb3 Kxd5 1/2-1/2


[Site "https://www.chess.com"]

[Event "Titled Tuesday Blitz July 05 Late 2022"]
[White "Zhigalko, Sergei"]
[Black "Iliaguev, Nisim"]
[WhiteFideId "13502956"]
[BlackFideId "2817276"]
[WhiteElo "2662"]
[BlackElo "2107"]
[Result "1/2-1/2"]
[Round "03"]
[TimeControl "180+1"]
[Date "2022.07.05"]
[WhiteClock "0:00:08"]
[BlackClock "0:00:52"]

1. e4 c6 2. d4 d5 3. e5 Bf5 4. Nf3 e6 5. Be2 Ne7 6. O-O h6 7. Nbd2 c5 8. dxc5 Nec6 9. Nb3 Nd7 10. c4 dxc4 11. Bxc4 Be7 12. Nbd4 Bg4 13. Nxc6 bxc6 14. Bf4 O-O 15. h3 Bh5 16. b4 a5 17. a3 axb4 18. axb4 Rxa1 19. Qxa1 Bxf3 20. gxf3 Qc7 21. Rd1 Rb8 22. Qc3 Nf8 23. Bg3 Qb7 24. Bd3 Qxb4 25. Qxb4 Rxb4 26. Be4 Bxc5 27. Bxc6 g5 28. Be4 Kg7 29. h4 Ng6 30. hxg5 hxg5 31. Kg2 Bd4 32. Bxg6 Kxg6 33. Re1 Kf5 34. Re2 Rb2 35. Re1 Rd2 36. Re4 Rd3 37. Re1 Bc5 38. Rc1 Rd5 39. Rb1 Bd4 40. Rb7 Kg6 41. Rb4 Bxe5 42. Bxe5 Rxe5 43. f4 gxf4 44. Rxf4 Rg5+ 45. Kf1 Rf5 46. Rg4+ Kf6 47. Ra4 Rb5 48. Kg2 Kf5 49. Rc4 f6 50. Rc6 e5 51. Rd6 Rb3 52. Rc6 Kg5 53. Rc5 Kf4 54. Rc4+ e4 55. Rc6 f5 56. Rc5 Rb2 57. Rc3 Kg5 58. Rg3+ Kf6 59. Rg8 e3 60. Kf3 Kf7 61. Ra8 exf2 62. Kg2 Kf6 63. Ra5 Kg5 64. Ra4 f4 65. Ra8 f1=Q+ 66. Kxf1 Kg4 67. Ra3 Rc2 68. Kg1 Kf5 69. Kf1 Ke4 70. Ke1 Rh2 71. Kf1 Rd2 72. Rb3 Rd3 73. Rxd3 Kxd3 74. Kf2 Kd4 75. Kf3 Ke5 76. Kf2 Ke4 77. Ke2 f3+ 78. Kf2 Kf4 79. Kf1 Ke3 80. Ke1 f2+ 81. Kf1 Kf3 1/2-1/2


[Site "https://www.chess.com"]

[Event "Titled Tuesday Blitz July 05 Late 2022"]
[White "Adewumi, Tanitoluwa"]
[Black "Bazeev, German"]
[WhiteFideId "30966396"]
[BlackFideId "24119350"]
[WhiteElo "2573"]
[BlackElo "2493"]
[Result "1/2-1/2"]
[Round "04"]
[TimeControl "180+1"]
[Date "2022.07.05"]
[WhiteClock "0:00:04"]
[BlackClock "0:00:46"]

1. e4 c5 2. Nf3 Nf6 3. Nc3 Nc6 4. d4 d5 5. dxc5 d4 6. Nb5 e5 7. c3 Bxc5 8. cxd4 exd4 9. e5 Ng4 10. Bg5 Bb4+ 11. Bd2 Bxd2+ 12. Qxd2 O-O 13. Bd3 a6 14. Nbxd4 Nxd4 15. Nxd4 Nxe5 16. O-O Ng6 17. Bxg6 hxg6 18. Rad1 Qb6 19. Nb3 Be6 20. Qd4 Qxd4 21. Nxd4 Bxa2 22. b3 Rfd8 23. Rd2 Rd5 24. Rfd1 Rad8 25. f3 f6 26. Kf2 Kf7 27. Ke3 g5 28. Rxa2 Re5+ 29. Kf2 Red5 30. Rad2 a5 31. Ke3 Re5+ 32. Kd3 Red5 33. Kc3 Rc5+ 34. Kb2 Rcd5 35. g3 Re8 36. Nc2 Rxd2 37. Rxd2 Re7 38. Rd8 Re2 39. Rd7+ Kg6 40. Rxb7 Rxh2 41. Rb5 Rg2 42. g4 Rg3 43. Rf5 Kf7 44. Rxa5 Rxf3 45. Ra4 g6 46. b4 Ke6 47. b5 Kd5 48. b6 Re3 49. Rb4 Re8 50. b7 Rb8 51. Nd4 Kc5 52. Kc3 f5 53. gxf5 gxf5 54. Nxf5 Kc6 55. Nd4+ Kc7 56. Ne6+ Kc6 57. Kc4 g4 58. Nd4+ Kc7 59. Ne6+ Kc6 60. Kd4 g3 61. Ke3 Kd6 62. Nd4 g2 63. Kf2 Kc5 64. Ra4 Rxb7 65. Kxg2 Rf7 66. Kg3 Kd5 67. Nf3 Rg7+ 68. Kf4 Rb7 69. Ke3 Re7+ 70. Kd3 Rb7 71. Ra5+ Ke6 72. Nd4+ Kf6 73. Ke4 Re7+ 74. Kf4 Rb7 75. Ra6+ Kf7 76. Kf5 Rb1 77. Ra7+ Ke8 78. Ke5 Kd8 79. Kd6 Ke8 80. Ne6 Rb6+ 81. Ke5 Rb1 82. Ra8+ Ke7 83. Ra7+ Ke8 84. Nf4 Rb5+ 85. Kf6 Kd8 86. Ne6+ Kc8 87. Ke7 Kb8 88. Ra6 Kb7 89. Ra2 Kb6 90. Kd6 Rb1 91. Nd4 Rh1 92. Rb2+ Ka5 93. Kc5 Rh5+ 94. Kc4 Ka6 95. Ra2+ Kb7 96. Rb2+ Kc7 97. Rf2 Rh7 98. Rf6 Kb7 99. Kc5 Rh5+ 100. Nf5 Rh1 101. Rf7+ Ka6 102. Nd6 Rh5+ 103. Kc6 Rh1 104. Rf8 Rc1+ 105. Kd5 Ka5 106. Nc4+ Kb4 107. Rb8+ Kc3 108. Ne3 Rh1 109. Rc8+ Kb4 110. Nc2+ Kb3 111. Nd4+ Kb4 112. Rb8+ Kc3 113. Rb3+ Kd2 114. Ke4 Rh4+ 115. Kd5 1/2-1/2


[Site "https://www.chess.com"]

[Event "Titled Tuesday Blitz July 05 Late 2022"]
[White "Bjelobrk, Igor"]
[Black "Tari, Aryan"]
[WhiteFideId "4300726"]
[BlackFideId "1510045"]
[WhiteElo "2335"]
[BlackElo "2612"]
[Result "0-1"]
[Round "04"]
[TimeControl "180+1"]
[Date "2022.07.05"]
[WhiteClock "0:00:04"]
[BlackClock "0:00:10"]

1. Nf3 c5 2. c4 Nc6 3. d4 cxd4 4. Nxd4 Qb6 5. Nb3 e6 6. e3 Nf6 7. Nc3 Bb4 8. Bd2 d5 9. cxd5 exd5 10. Be2 O-O 11. O-O Rd8 12. Nb5 Bxd2 13. Qxd2 Ne4 14. Qd1 Bf5 15. N5d4 Bg6 16. Rc1 a5 17. a4 Nxd4 18. Nxd4 Qxb2 19. Rb1 Qa2 20. Ra1 Qd2 21. Qxd2 Nxd2 22. Rfd1 Ne4 23. Rdb1 Nd6 24. Rb6 Rac8 25. f3 Rd7 26. Kf2 Nc4 27. Rb5 Re7 28. Bxc4 dxc4 29. Rxa5 Bd3 30. Rb5 c3 31. Rb3 Rec7 32. Rc1 Ba6 33. Rc2 Rc4 34. Nb5 Rxa4 35. Rbxc3 Rxc3 36. Nxc3 Rc4 37. Ke1 h5 38. Kd2 Rc6 39. e4 Rd6+ 40. Nd5 Bb5 41. Rc8+ Kh7 42. Ke3 Bd7 43. Rc7 b5 44. Rb7 f6 45. h4 Kh6 46. Kd4 Be6 47. Kc5 Ra6 48. Rxb5 Ra2 49. Nf4 Bf7 50. Kd4 g5 51. hxg5+ fxg5 52. Rb6+ Kg7 53. Ne6+ Bxe6 54. Rxe6 Rxg2 55. Ke3 h4 56. f4 g4 57. Rd6 h3 58. Rd1 h2 59. Rh1 g3 60. Kf3 Rg1 0-1


[Site "https://www.chess.com"]

[Event "Titled Tuesday Blitz July 05 Late 2022"]
[White "Bluebaum, Matthias"]
[Black "Premnath, R."]
[WhiteFideId "24651516"]
[BlackFideId "5021928"]
[WhiteElo "2556"]
[BlackElo "2619"]
[Result "1-0"]
[Round "04"]
[TimeControl "180+1"]
[Date "2022.07.05"]
[WhiteClock "0:00:13"]
[BlackClock "0:00:01"]

1. d4 Nf6 2. c4 e6 3. Nc3 Bb4 4. e3 d5 5. Bd2 O-O 6. Nf3 c5 7. a3 Bxc3 8. Bxc3 cxd4 9. Nxd4 Nc6 10. cxd5 Nxd5 11. Nxc6 bxc6 12. Qc2 Nxc3 13. Qxc3 Qb6 14. Be2 Ba6 15. Rc1 Bxe2 16. Kxe2 Rab8 17. Rc2 Rfd8 18. Rhc1 Qb5+ 19. Ke1 Qg5 20. Qxc6 Qe5 21. Qc7 Qxc7 22. Rxc7 Rxb2 23. Rc8 Rb8 24. Rxd8+ Rxd8 25. Rc7 Ra8 26. a4 a5 27. Rc5 g6 28. Ke2 Kg7 29. Kd3 Kf6 30. Kc4 Ke7 31. f4 h5 32. g3 Kd6 33. e4 f6 34. e5+ fxe5 35. fxe5+ Kd7 36. Kb5 g5 37. Rc6 h4 38. gxh4 gxh4 39. Ra6 Rb8+ 40. Rb6 Ra8 41. Rb7+ Kc8 42. Kb6 Kd8 43. Rh7 Rb8+ 44. Kxa5 Rb2 45. Rxh4 Re2 46. Rh5 Kc7 47. Kb5 Rb2+ 48. Kc5 Rc2+ 49. Kd4 Ra2 50. Kc5 Rc2+ 51. Kb4 Rb2+ 52. Kc3 Ra2 53. Kb3 Re2 54. Kc4 Rc2+ 55. Kb5 Rb2+ 56. Ka6 Re2 57. a5 Kc6 58. Rh3 Rxe5 59. Rc3+ Kd7 60. Kb6 Re2 61. Rb3 Rxh2 62. a6 Ra2 63. a7 e5 64. Rb5 Kd6 65. Ra5 Rb2+ 66. Ka6 Kc7 67. a8=Q Rb6+ 68. Ka7 Rc6 69. Qb8+ Kd7 70. Rd5+ Ke6 71. Qxe5+ Kf7 72. Rd7+ 1-0


[Site "https://www.chess.com"]

[Event "Titled Tuesday Blitz July 05 Late 2022"]
[White "Boder, Jan"]
[Black "Diaz Perez, Michel Alejandro"]
[WhiteFideId "16243226"]
[BlackFideId "3517179"]
[WhiteElo "2064"]
[BlackElo "2313"]
[Result "1-0"]
[Round "04"]
[TimeControl "180+1"]
[Date "2022.07.06"]
[WhiteClock "0:00:17"]
[BlackClock "0:00:42"]

1. b3 e5 2. Bb2 Nc6 3. e3 a6 4. c4 Nf6 5. Nf3 d6 6. d4 exd4 7. Nxd4 Bd7 8. Nc3 Be7 9. Be2 O-O 10. O-O Nxd4 11. Qxd4 Bc6 12. Nd5 Bxd5 13. cxd5 Ne8 14. Rac1 Bf6 15. Qd2 Bxb2 16. Qxb2 Nf6 17. Bf3 Re8 18. Rc4 Nd7 19. Rfc1 Rc8 20. Bg4 Ne5 21. Bxc8 Nxc4 22. Rxc4 Qxc8 23. Qc2 Re7 24. h3 h6 25. b4 Qd7 26. a4 g6 27. h4 h5 28. g3 Qd8 29. Kg2 Qd7 30. e4 Qd8 31. f3 Qd7 32. Rc3 Qd8 33. Rc4 Qd7 34. Rc3 Kh7 35. Rc4 Qd8 36. b5 axb5 37. axb5 Qd7 38. b6 cxb6 39. Rc8 Qb5 40. Kf2 Qb4 41. Qc3 Qxc3 42. Rxc3 Kg7 43. Rb3 f5 44. Ke3 fxe4 45. fxe4 Kf6 46. Kd4 g5 47. Rxb6 Rd7 48. e5+ Kf5 49. Rxd6 Re7 50. Rf6+ Kg4 51. hxg5 Kxg5 52. Rb6 Kg4 53. d6 Re8 54. Rxb7 Kxg3 55. d7 Rd8 56. e6 h4 57. e7 Rh8 58. e8=Q Rxe8 59. dxe8=Q h3 60. Rb3+ Kg2 61. Qe2+ Kg1 62. Rb1# 1-0


[Site "https://www.chess.com"]

[Event "Titled Tuesday Blitz July 05 Late 2022"]
[White "Cardoso Cardoso, Jose Gabriel"]
[Black "Al-Tarboush, Ward"]
[WhiteFideId "4430492"]
[BlackFideId "7601450"]
[WhiteElo "2485"]
[BlackElo "2231"]
[Result "1-0"]
[Round "04"]
[TimeControl "180+1"]
[Date "2022.07.05"]
[WhiteClock "0:00:10"]
[BlackClock "0:00:07"]

1. Nf3 d5 2. e3 Nc6 3. d4 Bg4 4. c4 e6 5. Nc3 Nf6 6. h3 Bh5 7. Qb3 Bb4 8. Be2 O-O 9. O-O Bxc3 10. bxc3 Na5 11. Qa4 Nxc4 12. Bxc4 dxc4 13. Qxc4 Bxf3 14. gxf3 Nh5 15. Rd1 c6 16. Qf1 Qh4 17. Qg2 f5 18. Ba3 Rf6 19. Be7 Raf8 20. Kf1 R8f7 21. Bd8 Rf8 22. Bxf6 Rxf6 23. Ke2 Rg6 24. Qh2 h6 25. Rg1 Rf6 26. Rg2 Rf7 27. Rag1 Qe7 28. Qb8+ Kh7 29. Rg6 Nf6 30. h4 Qa3 31. Qg3 Qxa2+ 32. Kf1 Qa1+ 33. Kg2 Qxc3 34. Kh1 Nh5 35. Rxh6+ Kg8 36. Rxh5 Qb4 37. Qg6 Kf8 38. Qxe6 1-0


[Site "https://www.chess.com"]

[Event "Titled Tuesday Blitz July 05 Late 2022"]
[White "Chernobay, Artem"]
[Black "Roman, Rodrigo"]
[WhiteFideId "4167406"]
[BlackFideId "3701220"]
[WhiteElo "2473"]
[BlackElo "2001"]
[Result "1-0"]
[Round "04"]
[TimeControl "180+1"]
[Date "2022.07.06"]
[WhiteClock "0:00:16"]
[BlackClock "0:00:55"]

1. d4 Nf6 2. c4 e6 3. Nf3 d5 4. g3 b6 5. Bg2 Bb7 6. cxd5 exd5 7. O-O Be7 8. Nc3 a6 9. b3 O-O 10. Bb2 Nbd7 11. Rc1 Re8 12. Ne5 Nxe5 13. dxe5 Ne4 14. Nxe4 dxe4 15. Qxd8 Bxd8 16. Rfd1 c5 17. Rd7 Bc6 18. Rd6 Bb7 19. Rcd1 Bc7 20. Rd7 Rac8 21. e6 f6 22. Bh3 Bc6 23. Kf1 Rf8 24. Re7 Rfe8 25. Rf7 b5 26. Rdd7 Bxd7 27. exd7 Kxf7 28. dxc8=Q Rxc8 29. Bxc8 a5 30. Bd7 b4 31. Bf5 g6 32. Bxe4 f5 33. Bd5+ Ke7 34. f4 Bb6 35. Bc4 Bc7 36. Kf2 h5 37. Kf3 Bd6 38. e4 Bc7 39. exf5 gxf5 40. h3 Bd6 41. g4 hxg4+ 42. hxg4 fxg4+ 43. Kxg4 a4 44. bxa4 Bc7 45. f5 Kf8 46. f6 Bd8 47. Kf5 Bc7 48. Ke6 Bg3 49. Bc1 Bf4 50. Bxf4 1-0


[Site "https://www.chess.com"]

[Event "Titled Tuesday Blitz July 05 Late 2022"]
[White "Dardha, Daniel"]
[Black "Zlatin, Alexander"]
[WhiteFideId "240990"]
[BlackFideId "2810549"]
[WhiteElo "2482"]
[BlackElo "2228"]
[Result "1-0"]
[Round "04"]
[TimeControl "180+1"]
[Date "2022.07.05"]
[WhiteClock "0:00:17"]
[BlackClock "0:00:01"]

1. d4 Nf6 2. c4 g6 3. h4 d5 4. cxd5 Nxd5 5. e4 Nb6 6. h5 Bg7 7. Nf3 c5 8. d5 Bg4 9. h6 Bd4 10. Nbd2 O-O 11. Be2 Bh8 12. O-O Na6 13. a3 e6 14. dxe6 Bxe6 15. Qc2 Rc8 16. Rd1 Qc7 17. Nc4 Nxc4 18. Bxc4 Nb4 19. Qb3 Bxc4 20. Qxc4 b5 21. Qe2 Nc6 22. Be3 c4 23. Rd5 Ne7 24. Rxb5 Qc6 25. Ra5 Qxe4 26. Ng5 Qb7 27. Rb1 Nc6 28. Rc5 Ne5 29. Rxc8 Rxc8 30. Bd4 Qd5 31. Rd1 Rd8 32. Rd2 Nc6 33. Be3 Qa5 34. Qxc4 Rxd2 35. Qxf7# 1-0


[Site "https://www.chess.com"]

[Event "Titled Tuesday Blitz July 05 Late 2022"]
[White "Deac, Bogdan-Daniel"]
[Black "Aloma Vidal, Robert"]
[WhiteFideId "1226380"]
[BlackFideId "2260409"]
[WhiteElo "2648"]
[BlackElo "2435"]
[Result "1/2-1/2"]
[Round "04"]
[TimeControl "180+1"]
[Date "2022.07.05"]
[WhiteClock "0:00:01"]
[BlackClock "0:00:17"]

1. d4 d5 2. c4 c6 3. Nf3 Nf6 4. Nc3 e6 5. g3 Nbd7 6. Bg2 dxc4 7. a4 Bd6 8. Nd2 e5 9. Nxc4 Bc7 10. O-O O-O 11. d5 cxd5 12. Nxd5 Nxd5 13. Qxd5 Nb6 14. Qxd8 Rxd8 15. Na5 Rb8 16. h3 Nd5 17. Bd2 Be6 18. Rfc1 Bxa5 19. Bxa5 b6 20. Be1 f5 21. h4 e4 22. Bd2 h6 23. e3 Rbc8 24. Be1 Kf7 25. Bf1 Rxc1 26. Rxc1 Rc8 27. Rxc8 Bxc8 28. a5 h5 29. Be2 g6 30. Kf1 Ke6 31. axb6 axb6 32. Bc4 Kd6 33. Ke2 Be6 34. Kd2 Kc5 35. Be2 Nb4 36. Kc3 b5 37. b3 Nd5+ 38. Kb2 Nb4 39. Kc3 Nd5+ 40. Kb2 Nb4 41. Kc3 1/2-1/2


[Site "https://www.chess.com"]

[Event "Titled Tuesday Blitz July 05 Late 2022"]
[White "Drygalov, Andrey"]
[Black "Tokhirjonova, Gulrukhbegim"]
[WhiteFideId "24171735"]
[BlackFideId "14203626"]
[WhiteElo "2531"]
[BlackElo "2227"]
[Result "1-0"]
[Round "04"]
[TimeControl "180+1"]
[Date "2022.07.05"]
[WhiteClock "0:01:23"]
[BlackClock "0:00:15"]

1. e4 e5 2. Nf3 Nc6 3. Bc4 Nf6 4. d3 Bc5 5. O-O d6 6. c3 a6 7. a4 h6 8. Re1 Ba7 9. Nbd2 O-O 10. h3 Ne7 11. Nf1 Ng6 12. Ng3 c6 13. Bb3 Be6 14. Bc2 Qd7 15. d4 Bxh3 16. gxh3 Qxh3 17. Bd3 Nf4 18. Bf1 Qg4 19. Nh2 Qg6 20. Qf3 Ne6 21. dxe5 dxe5 22. Kg2 Rad8 23. Qf5 Kh8 24. Bc4 Nc5 25. Be3 b6 26. Qxg6 fxg6 27. Bxc5 bxc5 28. Rad1 Bb8 29. Bxa6 Bc7 30. Bc4 h5 31. Rxd8 Rxd8 32. Nf3 Ng4 33. Rh1 Rb8 34. b3 Ba5 35. Nxh5 gxh5 36. Nxe5 Nh6 37. Nxc6 Ra8 38. Nxa5 Rxa5 39. Rxh5 Kh7 40. Rg5 g6 41. f4 Kg7 42. f5 1-0


[Site "https://www.chess.com"]

[Event "Titled Tuesday Blitz July 05 Late 2022"]
[White "Estrada Nieto, Julian"]
[Black "Doluhanova, Evgeniya"]
[WhiteFideId "5101018"]
[BlackFideId "14112035"]
[WhiteElo "2252"]
[BlackElo "2076"]
[Result "0-1"]
[Round "04"]
[TimeControl "180+1"]
[Date "2022.07.06"]
[WhiteClock "0:00:02"]
[BlackClock "0:00:09"]

1. e4 e5 2. Nf3 Nc6 3. Bb5 Nf6 4. O-O Nxe4 5. Re1 Nd6 6. Nxe5 Nxe5 7. Rxe5+ Be7 8. Bf1 O-O 9. d4 Bf6 10. Re1 Nf5 11. c3 d5 12. Bf4 c6 13. Nd2 Nd6 14. Bd3 Be6 15. Be5 Bxe5 16. dxe5 Nc4 17. Qc2 Nxd2 18. Qxd2 Qd7 19. Qe3 Bf5 20. Rad1 Bxd3 21. Rxd3 Rfe8 22. h3 a6 23. Qc5 Re6 24. Rde3 Rae8 25. f4 g6 26. Kh2 Qe7 27. Qxe7 R6xe7 28. Kg3 f6 29. Kf3 fxe5 30. fxe5 Kf7 31. g4 Ke6 32. Kg3 Rf7 33. h4 Ref8 34. R1e2 Rf1 35. Re1 R1f2 36. R1e2 Rxe2 37. Rxe2 Rf1 38. h5 gxh5 39. gxh5 Rg1+ 40. Kh4 h6 41. Rf2 Kxe5 42. Rf7 Rg2 43. Rxb7 Rh2+ 44. Kg4 Rg2+ 45. Kh4 c5 46. Rb6 d4 47. cxd4+ cxd4 48. Kh3 Rg1 49. Rxh6 d3 50. Rg6 Rh1+ 51. Kg2 d2 52. Rg5+ Ke4 53. Kxh1 d1=Q+ 54. Rg1 Qxh5+ 55. Kg2 Qe2+ 56. Kh3 Qxb2 57. Rg4+ Ke5 58. Rg5+ Kf6 59. Rg2 Qa3+ 60. Kh2 Qb4 61. Rf2+ Ke6 62. Kg2 Qb7+ 63. Kf1 Qb5+ 64. Ke1 Kd6 65. Kd1 Kc6 66. Rc2+ Kb6 67. Kc1 Qf1+ 68. Kb2 Qf6+ 69. Kb3 a5 70. a3 Qe6+ 71. Kb2 Qe5+ 72. Kb3 Qd5+ 73. Kb2 Qd4+ 74. Kb3 a4+ 75. Ka2 Qd5+ 76. Kb2 Qb3+ 77. Kc1 Qxa3+ 0-1


[Site "https://www.chess.com"]

[Event "Titled Tuesday Blitz July 05 Late 2022"]
[White "Fedoseev, Vladimir"]
[Black "Holt, Conrad"]
[WhiteFideId "24130737"]
[BlackFideId "2034387"]
[WhiteElo "2726"]
[BlackElo "2586"]
[Result "1-0"]
[Round "04"]
[TimeControl "180+1"]
[Date "2022.07.05"]
[WhiteClock "0:00:08"]
[BlackClock "0:00:01"]

1. e4 e6 2. d4 d5 3. e5 c5 4. c3 Nc6 5. Nf3 Bd7 6. Be2 Nge7 7. O-O Nf5 8. dxc5 Bxc5 9. Bd3 Nh4 10. Bf4 Nxf3+ 11. Qxf3 g5 12. Bg3 h5 13. h3 g4 14. hxg4 Qg5 15. Qf4 Qxg4 16. Qxg4 hxg4 17. Re1 O-O-O 18. Nd2 Rh5 19. b4 Rdh8 20. Kf1 Bf8 21. b5 Nxe5 22. Bxe5 Rxe5 23. Rxe5 Rh1+ 24. Ke2 Rxa1 25. Rg5 Bh6 26. Rh5 Bg7 27. c4 Rxa2 28. cxd5 exd5 29. Rxd5 Bh6 30. Bc4 Rc2 31. Kd1 Rc3 32. Ne4 Rc1+ 33. Ke2 Kc7 34. Bd3 Be6 35. Rh5 Bf4 36. g3 Bd6 37. Ng5 Bd5 38. Nxf7 Bf3+ 39. Kd2 Rc5 40. Rh7 Be7 41. Nh6 Kd8 42. Nf7+ Kd7 43. Ke3 Ke6 44. Kd4 Rd5+ 45. Kc3 Rxd3+ 46. Kxd3 a5 47. bxa6 bxa6 48. Nh6 a5 49. Nf5 Bc5 50. Nd4+ Kd5 51. Nxf3 gxf3 52. Rh5+ Kc6 53. Rf5 Bxf2 54. Rxf3 Bc5 55. g4 Be7 56. Rf5 a4 57. g5 Kd7 58. g6 Ke6 59. g7 Kxf5 60. g8=Q a3 61. Kc2 Ke5 62. Kb3 Bd6 63. Ka2 Be7 64. Qc4 Kf6 65. Qd3 Kf7 66. Qe4 Kf6 67. Kb3 Bd6 68. Qc2 Ke6 69. Kc4 Be7 70. Qe2+ Kd6 71. Qd3+ Ke6 72. Qe3+ Kd7 73. Kd5 Bb4 74. Qa7+ Ke8 75. Ke6 Kd8 76. Qd7# 1-0


[Site "https://www.chess.com"]

[Event "Titled Tuesday Blitz July 05 Late 2022"]
[White "Gomez Ledo, Roberto Carlos"]
[Black "De La Colina, Nicolas"]
[WhiteFideId "3507076"]
[BlackFideId "30946921"]
[WhiteElo "2379"]
[BlackElo "2046"]
[Result "0-1"]
[Round "04"]
[TimeControl "180+1"]
[Date "2022.07.06"]
[WhiteClock "0:00:01"]
[BlackClock "0:00:21"]

1. d4 Nf6 2. Bf4 c5 3. c3 b6 4. e3 g6 5. h3 Bg7 6. Nf3 O-O 7. Nbd2 Bb7 8. Bd3 Nc6 9. Qe2 d5 10. a4 Nd7 11. O-O e5 12. dxe5 Ndxe5 13. Nxe5 Nxe5 14. Ba6 Qc8 15. Bxb7 Qxb7 16. Bxe5 Bxe5 17. Nf3 Bf6 18. Rfd1 Rad8 19. Rd2 Rd7 20. Rad1 Rfd8 21. Rd3 Qc6 22. Qc2 Kg7 23. R3d2 h5 24. Qb3 Rd6 25. Qb5 Qc7 26. Kf1 R8d7 27. Qd3 Qd8 28. Kg1 Qe7 29. Qb5 Qd8 30. Kf1 Qe7 31. a5 Qd8 32. Ng1 d4 33. exd4 cxd4 34. cxd4 Rxd4 35. Rxd4 Rxd4 36. Re1 Rd2 37. b4 Rb2 38. axb6 axb6 39. Nf3 Qd6 40. Kg1 Rxb4 41. Qe8 Qd8 42. Qc6 Rb2 43. Qb7 Bd4 44. Nxd4 Qxd4 45. Qf3 Qf6 46. Qxf6+ Kxf6 47. Rc1 Ke5 48. Rc7 f6 49. g3 g5 50. Kg2 b5 51. Rb7 b4 52. Rb5+ Ke6 53. Rb6+ Kf7 54. g4 hxg4 55. hxg4 Rb3 56. f3 Ke7 57. Kg3 Rb2 58. Rb7+ Ke6 59. Rb6+ Kf7 60. Rb7+ Kg6 61. Rb6 b3 62. Rb5 Rb1 63. Kg2 Kf7 64. Rb7+ Ke6 65. Rb6+ Ke5 66. Rb5+ Ke6 67. Rb6+ Ke7 68. Rb7+ Ke8 69. Rb6 Kf7 70. Rb7+ Kg8 71. Rb8+ Kg7 72. Rb7+ Kg6 73. Rb6 b2 74. Rb7 Kh6 75. Kh2 Rf1 76. Rxb2 Rxf3 77. Rb4 Rf4 78. Rxf4 Kg6 0-1


[Site "https://www.chess.com"]

[Event "Titled Tuesday Blitz July 05 Late 2022"]
[White "Gong, Patrick"]
[Black "Sjugirov, Sanan"]
[WhiteFideId "3222500"]
[BlackFideId "4189302"]
[WhiteElo "2103"]
[BlackElo "2609"]
[Result "0-1"]
[Round "04"]
[TimeControl "180+1"]
[Date "2022.07.05"]
[WhiteClock "0:00:19"]
[BlackClock "0:00:54"]

1. Nf3 d5 2. c4 e6 3. g3 Nf6 4. Bg2 dxc4 5. Qa4+ Bd7 6. Qxc4 c5 7. Ne5 Qc8 8. d3 Nc6 9. Nxd7 Qxd7 10. O-O Rc8 11. Nc3 Be7 12. a3 O-O 13. Be3 Nd4 14. Rac1 Rfd8 15. Rfe1 b5 16. Qa2 Nf5 17. Bg5 h6 18. Bxf6 Bxf6 19. a4 b4 20. Ne4 Be7 21. Rc4 Nd4 22. e3 Nf5 23. Rd1 a5 24. b3 Nd6 25. Nxd6 Bxd6 26. Qc2 e5 27. Qe2 Bf8 28. Qh5 Qe7 29. Rg4 Rd6 30. Rc4 Rcd8 31. Qe2 R6d7 32. Bh3 Ra7 33. Bg2 g6 34. g4 Qe6 35. h3 Rad7 36. Rd2 Kg7 37. Rd1 Be7 38. Rd2 Rh8 39. Rd1 h5 40. Rd2 hxg4 41. Qxg4 f5 42. Qf3 Rhd8 43. Rdc2 Rxd3 44. Qc6 Qxc6 45. Bxc6 Rxb3 0-1


[Site "https://www.chess.com"]

[Event "Titled Tuesday Blitz July 05 Late 2022"]
[White "Gubajdullin, Alexei"]
[Black "Lobanov, Sergei"]
[WhiteFideId "4141202"]
[BlackFideId "24183750"]
[WhiteElo "2190"]
[BlackElo "2524"]
[Result "0-1"]
[Round "04"]
[TimeControl "180+1"]
[Date "2022.07.05"]
[WhiteClock "0:00:01"]
[BlackClock "0:00:17"]

1. c4 e5 2. Nc3 Nf6 3. Nf3 Nc6 4. e3 Bb4 5. Qc2 Bxc3 6. Qxc3 Qe7 7. a3 a5 8. b3 O-O 9. Bb2 d6 10. Be2 Bf5 11. O-O h6 12. b4 axb4 13. axb4 Ne4 14. Qb3 Bg4 15. Qc2 Ng5 16. Nxg5 Qxg5 17. f4 exf4 18. exf4 Qh5 19. Qc3 f6 20. Rxa8 Rxa8 21. Bxg4 Qxg4 22. Rf3 Qf5 23. h3 Re8 24. b5 Nd8 25. Kh2 h5 26. Qd3 Qxd3 27. Rxd3 Ne6 28. Re3 Kf7 29. f5 Nc5 30. Rxe8 Kxe8 31. Kg3 Ne4+ 32. Kh4 Nxd2 33. Kxh5 Nxc4 34. Kg6 Kf8 35. Bd4 Ne5+ 36. Kh7 Kf7 37. g4 c5 38. bxc6 bxc6 39. Bb6 c5 40. Ba7 Nf3 41. Bb6 c4 42. Ba5 d5 43. h4 Nxh4 44. Bc3 Nf3 45. g5 Nxg5+ 46. Kh8 Nf3 47. Bb4 d4 48. Kh7 c3 49. Ba3 c2 50. Kh8 d3 51. Bc1 d2 52. Bb2 c1=Q 0-1


[Site "https://www.chess.com"]